 Dungeon Crawl Stone Soup version 0.18-a0-1747-g18c4181 (webtiles) character file.

4176 pragmatic the Blocker (level 10, 0/63 HPs)
             Began as a Gargoyle Fighter on Apr 12, 2016.
             Was a Believer of Nemelex Xobeh.
             Slain by an ogre
             ... wielding a +0 giant club
              (2 damage)
             ... on level 8 of the Dungeon.
             The game lasted 01:01:30 (9853 turns).

pragmatic the Blocker (Gargoyle Fighter)            Turns: 9853, Time: 01:01:33

Health: 0/63       AC: 18    Str: 23    XL:     10   Next: 28%
Magic:  10/10      EV:  8    Int:  9    God:    Nemelex Xobeh [**....]
Gold:   115        SH: 11    Dex:  9    Spells: 0 memorised, 9 levels left

rFire  . . .     SeeInvis .     K - +2 mace (holy)
rCold  . . .     Gourm    .     b - +0 scale mail
rNeg   + . .     Faith    .     c - +0 shield
rPois  ∞         Spirit   .     t - +0 helmet
rElec  +         Dismiss  .     h - +0 cloak
rCorr  .         Reflect  .     (no gloves)
SustAt .         Harm     .     (no boots)
MR     .....                    v - amulet of rage
Stlth  ..........               (no ring)
                                (no ring)

@: not resistant to hostile enchantments, extremely unstealthy
A: negative energy resistance 1, electricity resistance, unbreathing,
petrification resistance, rot immunity, AC +7
a: Renounce Religion, Evoke Berserk Rage


You were on level 8 of the Dungeon.
You worshipped Nemelex Xobeh.
Nemelex Xobeh was pleased with you.
You were not hungry.

You visited 1 branch of the dungeon, and saw 8 of its levels.

You collected 451 gold pieces.
You spent 336 gold pieces at shops.

Inventory:

Hand Weapons
 a - a +2 whip of flaming
 k - a +0 mace
 u - a +1 spear of venom
 x - a +2 spear of freezing
 y - a +1 hand axe of electrocution
 B - a cursed +0 giant spiked club
 H - a +0 whip
 K - a +2 mace of holy wrath (weapon)
Missiles
 j - 7 poisoned needles
Armour
 b - a +0 scale mail (worn)
 c - a +0 shield (worn)
 h - a +0 cloak (worn)
 t - a +0 helmet (worn)
Jewellery
 l - an uncursed ring of ice
 v - an amulet of rage (around neck)
Wands
 E - a wand of confusion (43/48)
Scrolls
 e - 5 scrolls of identify
 o - a scroll of amnesia
 p - 2 scrolls of remove curse
 w - a scroll of holy word
 A - a scroll of blinking
Potions
 g - a potion of berserk rage {unknown}
 i - a potion of curing {unknown}
 q - a potion of resistance {unknown}
 r - 4 potions of degeneration {unknown}
 z - a potion of cancellation {unknown}
 D - a potion of haste {unknown}
Miscellaneous
 d - a plain deck of destruction {drawn: 1}
 F - an ornate deck of war {drawn: 2}
 I - a plain deck of destruction
Comestibles
 f - 10 bread rations
 m - 4 meat rations
 n - 4 fruits
 s - 6 beef jerkies
 C - 3 inedible chunks of flesh


   Skills:
 + Level 7.2 Fighting
 + Level 7.9 Maces & Flails
 + Level 8.4 Armour
 + Level 2.0 Stealth
 + Level 9.6 Shields


You had 9 spell levels left.
You didn't know any spells.

Dungeon Overview and Level Annotations

Branches:
Dungeon (8/15)             Temple (0/1) D:5
   Lair: D:8-11

Altars:
Ashenzari
Nemelex Xobeh
Qazlal
Trog
Yredelemnul
Zin

Shops:
D:6 %


Innate Abilities, Weirdness & Mutations

You are resistant to torment.
Your stone body is resilient (AC +7).
You are immune to poison.
You resist negative energy.
You are resistant to electric shocks.
You can survive without breathing.
You are immune to petrification.
You are immune to rotting.


Message History

* * * LOW HITPOINT WARNING * * *
You block the centaur's attack. The ice beast barely misses you.
You hit the centaur but do no damage.
The centaur is lightly wounded.
You block the adder's attack. You block the centaur's attack.
The ogre closely misses you.
The ice beast hits you but does no damage.
The adder barely misses you. You block the centaur's attack.
You hit the centaur but do no damage.
The centaur is lightly wounded.
You block the centaur's attack. The adder bites you but does no damage.
The ogre hits you but does no damage. You block the ice beast's attack.
You hit the centaur.
The centaur is moderately wounded.
The centaur hits you.
* * * LOW HITPOINT WARNING * * *
You block the adder's attack. The centaur closely misses you.
The ice beast closely misses you. The ogre hits you with a giant club.
You die...
Your body disappears without a glow.

#.## ... .. ....
#.###.### #.. #...# ..#
#...#.#.# #.# #
..#.#.#.#.###.##########
.........((.............
.#.#.#.#.#####.##((....
#..<.S#.# .(.##......
#####@..# #.####....).
......OYc...... ####.##
..........####. #.#
#.####....# #.# .....#
#. ####.## ......#
..#...... ......#
#.#...... .......#
#.#...... #....####


You could see an ice beast, an ogre, a centaur and an adder.

Vanquished Creatures
  Pikel (D:4)
  A cyclops (D:8)
  The ghost of pedritolo the Chucker, an amateur OgHu (D:3)
  A troll (D:6)
  A two-headed ogre (D:8)
  An ice beast (D:5)
  2 black bears (D:8)
  4 ogres
  A phantom (D:4)
  A necrophage (D:8)
  2 centaurs
  2 giant frogs (D:8)
  A gnoll sergeant (D:5)
  2 scorpions
  A killer bee (D:7)
  A howler monkey (D:4)
  5 crimson imps
  A centaur zombie (D:8)
  A giant frog zombie (D:6)
  3 hounds
  A quasit (D:6)
  3 jellies
  4 orc priests
  A giant frog skeleton (D:7)
  3 iguanas
  10 orc wizards
  3 worker ants
  A hound zombie (D:7)
  8 adders
  11 gnolls
  2 oozes (D:3)
  An adder zombie (D:6)
  2 adder skeletons
  5 worms
  2 dart slugs
  5 giant geckos
  33 orcs
  4 bats
  4 giant cockroaches
  3 goblins
  5 hobgoblins
  7 jackals
  4 quokkas
  A ball python (D:2)
  7 giant newts
  2 gnoll zombies (D:4)
  A jackal skeleton (D:5)
  A jackal zombie (D:8)
  12 kobolds
  A quokka skeleton (D:7)
  5 rats
  A plant (D:1)
186 creatures vanquished.

Vanquished Creatures (collateral kills)
  A hound (D:7)
1 creature vanquished.

Vanquished Creatures (others)
  A giant gecko (D:4)
  2 orcs (D:4)
3 creatures vanquished.

Grand Total: 190 creatures vanquished

Notes
Turn   | Place    | Note
--------------------------------------------------------------
     0 | D:1      | pragmatic the Gargoyle Fighter began the quest for the Orb.
     0 | D:1      | Reached XP level 1. HP: 14/14 MP: 1/1
   393 | D:1      | Reached XP level 2. HP: 19/19 MP: 2/2
   874 | D:2      | Reached XP level 3. HP: 23/23 MP: 3/3
  1283 | D:3      | Reached XP level 4. HP: 21/29 MP: 4/4
  1708 | D:3      | Reached skill level 4 in Shields
  1890 | D:3      | Noticed pedritolo's ghost (amateur OgHu)
  2346 | D:2      | Reached XP level 5. HP: 3/33 MP: 5/5
  4034 | D:3      | Paralysed by fainting for 10 turns
  4063 | D:3      | Paralysed by fainting for 10 turns
  4325 | D:3      | Killed pedritolo's ghost
  4325 | D:3      | Reached skill level 5 in Shields
  4325 | D:3      | Reached XP level 6. HP: 32/39 MP: 6/6
  4380 | D:4      | Noticed Pikel
  4380 | D:4      | Noticed a slave
  4380 | D:4      | Noticed a slave
  4380 | D:4      | Noticed a slave
  4381 | D:4      | Noticed a slave
  4410 | D:4      | Killed Pikel
  4410 | D:4      | Reached skill level 5 in Fighting
  4410 | D:4      | Reached skill level 5 in Armour
  4410 | D:4      | Reached skill level 6 in Shields
  4410 | D:4      | Reached XP level 7. HP: 31/44 MP: 7/7
  4410 | D:4      | Reached XP level 8. HP: 34/49 MP: 8/8
  4516 | D:4      | Reached skill level 5 in Maces & Flails
  4865 | D:4      | Found a basalt altar of Yredelemnul.
  5005 | D:4      | Found a sparkling altar of Nemelex Xobeh.
  5302 | D:4      | Became a worshipper of Nemelex Xobeh the Trickster
  5568 | D:5      | Entered Level 5 of the Dungeon
  5603 | D:5      | Received a gift from Nemelex Xobeh
  5656 | D:5      | Reached skill level 7 in Shields
  5725 | D:5      | Found a glowing silver altar of Zin.
  5796 | D:5      | Found a staircase to the Ecumenical Temple.
  6118 | D:5      | Reached skill level 1 in Stealth
  6555 | D:5      | Reached * piety under Nemelex Xobeh
  6989 | D:6      | Reached XP level 9. HP: 18/55 MP: 9/9
  7269 | D:6      | Reached skill level 8 in Shields
  7313 | D:6      | Noticed a troll
  7330 | D:6      | Killed a troll
  7685 | D:6      | Found Cufism's Food Shoppe.
  7693 | D:6      | Bought a beef jerky for 19 gold pieces
  7693 | D:6      | Bought a beef jerky for 19 gold pieces
  7693 | D:6      | Bought a royal jelly for 26 gold pieces
  7693 | D:6      | Bought a bread ration for 65 gold pieces
  7693 | D:6      | Bought a meat ration for 65 gold pieces
  7693 | D:6      | Bought a beef jerky for 19 gold pieces
  7693 | D:6      | Bought a bread ration for 65 gold pieces
  7693 | D:6      | Bought 2 fruits for 39 gold pieces
  7693 | D:6      | Bought a beef jerky for 19 gold pieces
  7734 | D:6      | Received a gift from Nemelex Xobeh
  7796 | D:6      | Found a shattered altar of Ashenzari.
  7953 | D:7      | Reached ** piety under Nemelex Xobeh
  8538 | D:7      | Paralysed by fainting for 12 turns
  8556 | D:7      | Paralysed by fainting for 12 turns
  8588 | D:7      | Paralysed by fainting for 7 turns
  8788 | D:7      | Received a gift from Nemelex Xobeh
  9207 | D:8      | Found a bloodstained altar of Trog.
  9233 | D:8      | Reached skill level 9 in Shields
  9263 | D:8      | Reached XP level 10. HP: 20/61 MP: 10/10
  9307 | D:8      | Found a stormy altar of Qazlal.
  9815 | D:8      | Noticed a cyclops
  9835 | D:8      | Killed a cyclops
  9853 | D:8      | HP: 2/63 [centaur (3)]
  9853 | D:8      | Slain by an ogre

Vault maps used:
D:1:      eino_arrival_water_cross
D:3:      first_bread, supply_closet_lemuel, minmay_misc_feat_doors
D:4:      marbit_many_paths, lemuel_zombie_altar_yredelemnul, uniq_pikel
D:5:      lemuel_round_altar, temple_fountains, serial_bayou_pond_d,
          hangedman_minor_gate_pass
D:6:      nicolae_overflow_hidden_temple, serial_glass, glass_columns_b,
          glass_columns_a, minmay_strange_pillars, due_unseen_surprise,
          feat_on_display, minmay_strange_pillars, serial_shops, shop,
          nemelex_diamond_rough_becter
D:8:      trog_ov_bears_minmay, nicolae_overflow_crystal_walls,
          lemuel_crystal_altar, serial_shops, shop

Skill      XL: |  1  2  3  4  5  6  7  8  9 10 |
---------------+-------------------------------+-----
Maces & Flails | 3 4 6 7 |  7.9
Shields        | 4 5 6 7 9 |  9.6
Fighting       | 4 5 6 7 |  7.2
Armour         | 4 5 6 7 8 |  8.4
Stealth        | 1 2 |  2.0

Action                   |  1- 3 |  4- 6 |  7- 9 | 10-12 || total
-------------------------+-------+-------+-------+-------++-------
Melee: Flail             |    90 |       |       |       ||    90
       Mace              |    67 |   376 |       |    47 ||   490
       Whip              |       |       |   723 |    44 ||   767
Evoke: Hammer            |       |       |     3 |       ||     3
  Use: Scroll            |     2 |       |     7 |     5 ||    14
       Potion            |       |     1 |       |       ||     1
  Eat: Chunk             |     1 |     5 |    10 |       ||    16
       Bread ration      |       |     1 |       |     1 ||     2
       Pizza             |       |     1 |       |       ||     1
       Royal jelly       |       |       |     2 |       ||     2
       Fruit             |       |       |     2 |       ||     2
Armor: Scale mail        |    94 |   292 |   337 |    41 ||   764
Dodge: Dodged            |    47 |   117 |   152 |    21 ||   337
Block: Shield            |    67 |   229 |   320 |    45 ||   661
